 Dungeon Crawl Stone Soup version 0.21-a0-59-g7b0e191 (webtiles) character file.

1176 HAL9000 the Basher (level 8, -8/74 HPs)
             Began as an Ogre Hunter on June 16, 2017.
             Killed from afar by an orc wizard (12 damage)
             ... with a puff of flame
             ... on level 5 of the Dungeon.
             The game lasted 00:10:16 (6041 turns).

HAL9000 the Basher (Ogre Hunter)                    Turns: 6041, Time: 00:10:17

Health: -8/74      AC:  3    Str: 19    XL:     8   Next: 41%
Magic:  8/8        EV: 10    Int: 12    God:
Gold:   73         SH:  0    Dex:  9    Spells: 7/7 levels left

rFire    . . .     SeeInvis .   M - +0 flail
rCold    . . .     Gourm    +   (no shield)
rNeg     . . .     Faith    .   b - +0 robe
rPois    .         Spirit   .   (helmet restricted)
rElec    .         Reflect  .   (no cloak)
rCorr    .         Harm     .   (gloves unavailable)
MR       .....                  (boots unavailable)
Stlth    +++.......             B - amulet of the gourmand
HPRegen  0.22/turn              m - ring of stealth
MPRegen  0.11/turn              G - ring of stealth

@: no status effects
A: unfitting armour, tough skin 1
a: no special abilities


You were on level 5 of the Dungeon.
You were very full.

You visited 1 branch of the dungeon, and saw 5 of its levels.

You collected 181 gold pieces.
You spent 108 gold pieces at shops.

Inventory:

Hand Weapons
 M - a +0 flail (weapon)
Missiles
 c - 3 large rocks (quivered)
Armour
 b - a +0 robe (worn)
Jewellery
 m - a ring of stealth (left hand)
 B - an amulet of the gourmand (around neck)
 G - a ring of stealth (right hand)
Wands
 D - a wand of flame (18/48)
 K - a wand of paralysis (12/24)
Scrolls
 i - 5 scrolls of identify
 l - 5 scrolls of teleportation
 n - 2 scrolls of remove curse
 o - 2 scrolls of amnesia {unknown}
 q - a scroll of fear {unknown}
 w - a scroll of magic mapping {unknown}
 y - a scroll of enchant armour {unknown}
 H - a scroll of immolation {unknown}
Potions
 p - 2 potions of curing
 C - a potion of brilliance
 I - a potion of flight
Comestibles
 f - 2 bread rations
 k - 2 meat rations
 u - a royal jelly
 J - 8 fruits


   Skills:
 - Level 2.9 Fighting
 + Level 8.9 Maces & Flails
 - Level 4.0 Throwing
 - Level 1.7 Dodging
 - Level 0.6 Stealth


You had 7 spell levels left.
You didn't know any spells.

Dungeon Overview and Level Annotations

Branches:
Dungeon (5/15)
 Temple: D:4-7

Altars:
Cheibriados
Dithmenos
Fedhas
Hepliaklqana
Makhleb
Nemelex Xobeh
Okawaru
Qazlal
Zin

Shops:
D:5 ?


Innate Abilities, Weirdness & Mutations

You are too large for most types of armour.
You have tough skin. (AC +1)


Message History

The magic dart hits you!
* * * LOW HITPOINT WARNING * * *
The orc wizard casts a spell at you. The puff of frost hits you!
* * * LOW HITPOINT WARNING * * *
There is a stone staircase leading up here.
Unknown command.
You feel better. The orc wizard hits you with a dagger.
* * * LOW HITPOINT WARNING * * *
The orc wizard closely misses you.
Unknown command.
You hit the orc wizard.
The orc wizard is lightly wounded.
The orc wizard hits you with a dagger.
* * * LOW HITPOINT WARNING * * *
You closely miss the orc wizard.
The orc wizard is lightly wounded.
The orc wizard points at you and mumbles some strange words.
The puff of flame hits you!
You die...

##.#.##..#
#[###....#
##o#.##..#
##.###o.# #.# #..#
#o###..# ##...o..#
#...##.#######.###
#....#.# #@.......
#....#.###o###.###
####.#.....#
#......###
##..###....
###...# #####
#.....#####
#....##.##....##
.####...####..##


You could see an orc wizard.

Vanquished Creatures
  The ghost of Ijustatesigmund the Skirmisher, an amateur OpAs (D:4)
  Duvessa (D:5)
  A phantom (D:4)
  A sky beast (D:3)
  2 ogres
  Dowan (D:5)
  2 hounds
  4 orc priests (D:4)
  An orc wizard (D:4)
  2 iguanas (D:4)
  A worker ant (D:4)
  A hound zombie (D:5)
  2 hound skeletons
  6 adders
  An ooze (D:3)
  2 worms
  4 dart slugs
  3 leopard geckos
  9 orcs
  5 giant cockroaches
  5 goblins
  7 hobgoblins
  4 jackals
  7 bats
  5 frilled lizards
  8 kobolds
  A leopard gecko zombie (D:5)
  A quokka skeleton (D:4)
  5 rats
93 creatures vanquished.

Vanquished Creatures (others)
  A kobold (D:1)
1 creature vanquished.

Grand Total: 94 creatures vanquished

Notes
Turn   | Place    | Note
-------+----------+-------------------------------------------
     0 | D:1      | HAL9000 the Ogre Hunter began the quest for the Orb.
     0 | D:1      | Reached XP level 1. HP: 22/22 MP: 1/1
   124 | D:1      | Reached skill level 1 in Maces & Flails
   178 | D:1      | Reached XP level 2. HP: 27/29 MP: 2/2
   861 | D:2      | Reached skill level 2 in Maces & Flails
   880 | D:2      | Found a snail-covered altar of Cheibriados.
   880 | D:2      | Found a glowing silver altar of Zin.
   901 | D:2      | Reached XP level 3. HP: 14/36 MP: 3/3
  1275 | D:2      | Found a shadowy altar of Dithmenos.
  1654 | D:2      | Found a burning altar of Makhleb.
  1714 | D:3      | Reached skill level 3 in Maces & Flails
  1748 | D:3      | Reached XP level 4. HP: 39/44 MP: 4/4
  2575 | D:3      | Reached skill level 4 in Maces & Flails
  2575 | D:3      | Reached XP level 5. HP: 8/52 MP: 5/5
  2997 | D:4      | Found a sparkling altar of Nemelex Xobeh.
  3001 | D:4      | Noticed a sky beast
  3107 | D:4      | Noticed Ijustatesigmund's ghost (amateur OpAs)
  3126 | D:4      | Killed Ijustatesigmund's ghost
  3126 | D:4      | Reached skill level 5 in Maces & Flails
  3126 | D:4      | Reached XP level 6. HP: 52/59 MP: 6/6
  3150 | D:4      | Reached skill level 6 in Maces & Flails
  3223 | D:4      | Noticed a phantom
  3275 | D:3      | HP: 2/59 [sky beast (5)]
  3666 | D:4      | Killed a phantom
  3666 | D:4      | Reached XP level 7. HP: 25/66 MP: 7/7
  4180 | D:4      | Found a blossoming altar of Fedhas.
  4352 | D:4      | Reached skill level 7 in Maces & Flails
  4417 | D:4      | HP: 3/66 [iguana (12)]
  5048 | D:4      | Reached XP level 8. HP: 64/74 MP: 8/8
  5063 | D:4      | Reached skill level 8 in Maces & Flails
  5247 | D:4      | Found a stormy altar of Qazlal.
  5247 | D:4      | Found an iron altar of Okawaru.
  5248 | D:4      | Found a hazy altar of Hepliaklqana.
  5283 | D:5      | Entered Level 5 of the Dungeon
  5283 | D:5      | Noticed Dowan
  5285 | D:5      | Noticed Duvessa
  5322 | D:5      | Killed Duvessa
  5348 | D:5      | Found Bett's Magic Scroll Shop.
  5360 | D:5      | Killed Dowan
  5588 | D:5      | Bought a scroll of teleportation for 36 gold pieces
  5588 | D:5      | Bought a scroll of teleportation for 36 gold pieces
  5588 | D:5      | Bought a scroll of teleportation for 36 gold pieces
  6036 | D:5      | HP: 3/74 [orc wizard/puff of frost (12)]
  6041 | D:5      | Killed from afar by an orc wizard

Vault maps used:
D:1:      saegor_arrival_miasma
D:2:      overflow_temple_1_default, nicolae_dithmenos_shadow_blocks,
          chequers_temple_overflow_statue_of_worship
D:3:      first_bread
D:4:      cheibrodos_helix_gallery, lemuel_crystal_altar,
          gammafunk_temple_overflow_claw, fedhas_altar_fruit_tree
D:5:      wad_crossroads, minmay_temple_entry_nine_rooms, serial_shops, shop,
          uniq_duvessa

Skill      XL: |  1  2  3  4  5  6  7  8 |
---------------+-------------------------+-----
Maces & Flails | 1 2 3 4 5 6 7 8 |  8.9
Fighting       | |  2.9
Throwing       | |  4.0
Dodging        | |  1.7
Stealth        | |  0.6

Action                   |  1- 3 |  4- 6 |  7- 9 || total
-------------------------+-------+-------+-------++-------
Melee: Short sword       |    12 |       |       ||    12
       Mace              |    95 |   165 |   111 ||   371
       Flail             |       |       |    31 ||    31
Throw: Large rock        |     1 |    19 |    15 ||    35
       Throwing net      |       |     2 |     1 ||     3
  Use: Potion            |     1 |     2 |     3 ||     6
       Scroll            |       |     1 |     3 ||     4
 Stab: Sleeping          |     4 |     1 |     1 ||     6
       Distracted        |       |     1 |       ||     1
       Held in net/web   |       |       |     2 ||     2
  Eat: Chunk             |     3 |     5 |    15 ||    23
       Fruit             |       |       |     1 ||     1
Armor: Robe              |    38 |    45 |    29 ||   112
Dodge: Dodged            |    68 |   104 |    87 ||   259
